 Dungeon Crawl Stone Soup version 0.23-a0-577-g2b1de94 (webtiles) character file.

2450 Leeroy the Magician (level 9, -2/69 HPs)
             Began as a Gnoll Skald on Dec 14, 2018.
             Was a Believer of Okawaru.
             Killed from afar by Harold (5 damage)
             ... with a harpoon shot
             ... on level 7 of the Dungeon on Dec 15, 2018.
             The game lasted 00:35:47 (6742 turns).

Leeroy the Magician (Gnoll Skald)                   Turns: 6742, Time: 00:35:48

Health: -2/69      AC: 11    Str: 11 (14) XL:     9   Next: 50%
Magic:  18/18      EV:  9    Int: 15 (16) God:    Okawaru [**....]
Gold:   406        SH:  0    Dex: 20 (22) Spells: 10/21 levels left

rFire    . . .     SeeInvis .   a - +0 falchion
rCold    . . .     Gourm    .   (no shield)
rNeg     . . .     Faith    .   C - +0 scale mail
rPois    .         Spirit   .   y - +0 helmet
rElec    .         Reflect  .   N - +0 cloak
rCorr    .         Harm     .   n - +0 pair of gloves
MR       .....                  (no boots)
Stlth    +++.......             (no amulet)
HPRegen  0.21/turn              (no ring)
MPRegen  0.16/turn              (no ring)

@: agile, held
A: distributed training, fangs 1, strong nose
a: Heroism, Renounce Religion


You were on level 7 of the Dungeon.
You worshipped Okawaru.
Okawaru was pleased with you.
You were hungry.

You visited 2 branches of the dungeon, and saw 8 of its levels.

You collected 406 gold pieces.

Inventory:

Hand Weapons
 a - a +0 falchion (weapon)
 c - a +0 short sword
 h - a +0 hunting sling
 l - a +0 dagger
 r - a +0 dagger
 E - a +0 trident
 H - a +0 shortbow
 I - a +0 mace of holy wrath
 J - a +0 war axe
 K - a +3 mace
 M - a +2 flail of protection
 P - a +0 long sword
 Q - the cursed +0 great sword "Dichys" {drain, rPois rN+++ Str+3 Int-2}
   (You found it on level 6 of the Dungeon)

   A truly terrible weapon, it drains the life of those it strikes.
   It affects your strength (+3).
   It affects your intelligence (-2).
   It protects you from poison.
   It renders you almost immune to negative energy.
   It has a curse placed upon it.
 Y - a +0 glaive
Missiles
 i - 201 stones (quivered)
 o - 26 bolts
 q - 121 sling bullets
 z - 76 arrows
 F - 2 tomahawks
 T - 16 poisoned needles
Armour
 b - a +0 leather armour
 e - a +0 ring mail
 n - a +0 pair of gloves (worn)
 y - a +0 helmet (worn)
 C - a +0 scale mail (worn)
 G - a +0 ring mail
 L - a +1 robe of fire resistance
 N - a +0 cloak (worn)
 V - a +0 chain mail
Jewellery
 m - an uncursed ring of positive energy {unknown}
 D - an uncursed ring of poison resistance {unknown}
 S - a +2 ring of dexterity
 X - an uncursed amulet of regeneration {unknown}
Wands
 W - a wand of iceblast (7)
Scrolls
 g - 7 scrolls of identify
 j - 5 scrolls of teleportation
 s - a scroll of random uselessness {unknown}
 t - 5 scrolls of remove curse
 v - 2 scrolls of enchant armour {unknown}
 x - 3 scrolls of blinking {unknown}
 A - 2 scrolls of amnesia
 B - a scroll of fear
 O - a scroll of immolation {unknown}
 R - a scroll of magic mapping {unknown}
Potions
 f - 2 potions of might
 k - a potion of berserk rage
 u - 3 potions of agility
 w - a potion of degeneration
Comestibles
 d - 13 rations


   Skills:
 + Level 6.3 Fighting
 + Level 4.2 Short Blades
 + Level 6.3 Long Blades
 + Level 4.2 Axes
 + Level 4.2 Maces & Flails
 + Level 4.2 Polearms
 + Level 4.2 Staves
 + Level 4.2 Slings
 + Level 4.2 Bows
 + Level 4.2 Crossbows
 + Level 4.2 Throwing
 + Level 5.0 Armour
 + Level 6.3 Dodging
 + Level 4.2 Stealth
 + Level 4.2 Shields
 + Level 4.2 Unarmed Combat
 + Level 6.6 Spellcasting
 + Level 3.4 Conjurations
 + Level 3.4 Hexes
 + Level 6.5 Charms
 + Level 3.4 Summonings
 + Level 3.4 Necromancy
 + Level 3.4 Translocations
 + Level 3.4 Transmutations
 + Level 3.4 Fire Magic
 + Level 3.4 Ice Magic
 + Level 3.4 Air Magic
 + Level 3.4 Earth Magic
 + Level 3.4 Poison Magic
 + Level 4.6 Invocations
 + Level 4.2 Evocations


You had 10 spell levels left.
You knew the following spells:

 Your Spells              Type           Power        Failure   Level  Hunger
a - Infusion              Chrm           ###.         4%          1    None
b - Song of Slaying       Chrm           ###.....     8%          2    #......
c - Shroud of Golubria    Chrm/Tloc      ###.......   14%         2    #......
d - Spectral Weapon       Hex/Chrm       ###.....     26%         3    ##.....
e - Regeneration          Chrm/Necr      ###.......   26%         3    ##.....

Your spell library contained the following spells:

 Spells                   Type           Power        Failure   Level  Hunger


Dungeon Overview and Level Annotations

Branches:
Dungeon (7/15)             Temple (1/1) D:5

Altars:
Ashenzari
Cheibriados
Dithmenos
Elyvilon
Fedhas
Gozag
Hepliaklqana
Kikubaaqudgha
Makhleb
Nemelex Xobeh
Okawaru
Uskayaw
Vehumet
Wu Jian
Yredelemnul
Zin
The Shining One

Annotations:
D:5 3 runed doors, flopdemafkees's ghost, novice GrFi
D:7 Harold


Innate Abilities, Weirdness & Mutations

Your experience applies equally to all skills.
You have very sharp teeth.
Your uncanny sense of smell can sniff out nearby items.


Message History

You struggle against the net.
A harpoon shot appears from out of thin air!
The harpoon shot misses you.
You struggle against the net.
You are feeling hungry.
You struggle against the net.
You struggle against the net.
You shred the net and break free! Something hits you!
* * * LOW HITPOINT WARNING * * *
Found a stone staircase leading down.
A throwing net appears from out of thin air!
The throwing net hits you.
You become entangled in the net!
You see here a throwing net.
You struggle against the net.
You feel agile all of a sudden.
You hear some strange, mumbled words.
A harpoon shot appears from out of thin air!
The harpoon shot hits you!
You die...

.................
....^.####.####.# #
......##.....##.###.#
......#.......#.....#
####..#.......#..##.#
#......_........$#
##.#.......#..#..#
.#.......#..#..#...
##.....##.@.......
###.####......#..
.... ........# .
.#..#.##.....## ##.#
.?.#..# #####..# .>#
###


There were no monsters in sight!

Vanquished Creatures
  2 hogs (D:7)
  Eustachio (D:5)
  Edmund (D:5)
  A hornet zombie (D:5)
  An orc warrior (D:7)
  A sky beast (D:5)
  A centaur (D:6)
  4 ogres
  A wyvern skeleton (D:6)
  A howler monkey (D:4)
  2 crimson imps
  6 orc priests
  2 jellies
  A bullfrog skeleton (D:5)
  4 hounds (D:5)
  A centaur skeleton (D:3)
  9 orc wizards
  5 worker ants
  2 hound skeletons
  Robin (D:2)
  8 adders
  2 oozes
  An adder skeleton (D:4)
  An adder zombie (D:5)
  2 worms (D:3)
  5 dart slugs
  3 leopard geckos
  32 orcs
  2 ball pythons (D:3)
  4 giant cockroaches
  18 goblins
  8 hobgoblins
  6 jackals
  A quokka (D:7)
  6 bats
  5 frilled lizards
  11 kobolds
  A leopard gecko skeleton (D:6)
  2 quokka skeletons (D:5)
  7 rats
172 creatures vanquished.

Vanquished Creatures (others)
  7 plants (D:5)
  A spectral weapon (D:7)
8 creatures vanquished.

Grand Total: 180 creatures vanquished

Notes
Turn   | Place    | Note
-------+----------+-------------------------------------------
     0 | D:1      | Leeroy the Gnoll Skald began the quest for the Orb.
     0 | D:1      | Reached XP level 1. HP: 20/20 MP: 6/6
   181 | D:1      | Reached XP level 2. HP: 23/26 MP: 7/7
   194 | D:1      | Learned a level 2 spell: Song of Slaying
   197 | D:1      | Learned a level 2 spell: Shroud of Golubria
   350 | D:1      | Reached XP level 3. HP: 29/31 MP: 9/9
   363 | D:1      | Reached skill level 5 in Spellcasting
   824 | D:2      | Learned a level 3 spell: Spectral Weapon
   828 | D:2      | Learned a level 3 spell: Regeneration
   838 | D:2      | Reached skill level 1 in Invocations
   839 | D:2      | Found a white marble altar of Elyvilon.
   851 | D:2      | Found a glowing golden altar of the Shining One.
   955 | D:2      | Noticed Robin
   969 | D:2      | Reached skill level 1 in Short Blades
   969 | D:2      | Reached skill level 1 in Axes
   969 | D:2      | Reached skill level 1 in Maces & Flails
   969 | D:2      | Reached skill level 1 in Polearms
   969 | D:2      | Reached skill level 1 in Staves
   969 | D:2      | Reached skill level 1 in Slings
   969 | D:2      | Reached skill level 1 in Bows
   969 | D:2      | Reached skill level 1 in Crossbows
   969 | D:2      | Reached skill level 1 in Throwing
   969 | D:2      | Reached skill level 1 in Stealth
   969 | D:2      | Reached skill level 1 in Shields
   969 | D:2      | Reached skill level 1 in Unarmed Combat
   969 | D:2      | Reached skill level 1 in Evocations
   973 | D:2      | Killed Robin
   973 | D:2      | Reached XP level 4. HP: 17/38 MP: 8/11
  1355 | D:2      | Reached skill level 1 in Conjurations
  1355 | D:2      | Reached skill level 1 in Hexes
  1355 | D:2      | Reached skill level 1 in Summonings
  1355 | D:2      | Reached skill level 1 in Necromancy
  1355 | D:2      | Reached skill level 1 in Translocations
  1355 | D:2      | Reached skill level 1 in Transmutations
  1355 | D:2      | Reached skill level 1 in Fire Magic
  1355 | D:2      | Reached skill level 1 in Ice Magic
  1355 | D:2      | Reached skill level 1 in Air Magic
  1355 | D:2      | Reached skill level 1 in Earth Magic
  1355 | D:2      | Reached skill level 1 in Poison Magic
  1481 | D:2      | Found a shadowy altar of Dithmenos.
  2118 | D:3      | Reached XP level 5. HP: 40/43 MP: 12/12
  2360 | D:3      | Noticed an ogre
  2452 | D:3      | Found a basalt altar of Yredelemnul.
  2463 | D:3      | Killed an ogre
  2463 | D:3      | Reached XP level 6. HP: 14/50 MP: 2/13
  2997 | D:4      | Reached skill level 5 in Fighting
  2997 | D:4      | Reached skill level 5 in Long Blades
  2997 | D:4      | Reached skill level 5 in Dodging
  3520 | D:4      | Reached XP level 7. HP: 32/56 MP: 8/15
  3962 | D:5      | Entered Level 5 of the Dungeon
  3962 | D:5      | Noticed Edmund
  4006 | D:5      | Killed Edmund
  4099 | D:5      | Reached XP level 8. HP: 53/63 MP: 13/16
  4107 | D:5      | Found a staircase to the Ecumenical Temple.
  4119 | Temple   | Entered the Ecumenical Temple
  4202 | Temple   | Became a worshipper of Warmaster Okawaru
  4364 | D:5      | Found a runed gate.
  4364 | D:5      | Found a runed gate.
  4365 | D:5      | Found a runed gate.
  4367 | D:5      | Found an opulent altar of Gozag.
  4367 | D:5      | Noticed flopdemafkees's ghost (novice GrFi)
  4440 | D:5      | Found a burning altar of Makhleb.
  4544 | D:5      | Noticed Eustachio
  4882 | D:5      | Reached * piety under Okawaru
  4928 | D:5      | Killed Eustachio
  4988 | D:5      | Found a snail-covered altar of Cheibriados.
  5249 | D:5      | Reached XP level 9. HP: 35/69 MP: 13/18
  5875 | D:6      | Found a white marble altar of Elyvilon.
  5886 | D:6      | Got an encrusted great sword
  5901 | D:6      | Identified the cursed +0 great sword "Dichys" {drain, rPois
                  | rN+++ Str+3 Int-2} (You found it on level 6 of the Dungeon)
  6003 | D:6      | Found an ornate altar of the Wu Jian Council.
  6038 | D:6      | Reached ** piety under Okawaru
  6705 | D:7      | Reached skill level 5 in Armour
  6717 | D:7      | Found an opulent altar of Gozag.
  6717 | D:7      | Noticed Harold
  6739 | D:7      | HP: 2/69 [something (8)]
  6742 | D:7      | Killed from afar by Harold

Vault maps used:
D:1:      nagdon_arrival_zigzag_paths
D:2:      kennysheep_big_flooded_room, amethyst_overflow_temple_binary,
          grunt_dithmenos_smoke, uniq_robin
D:3:      yredelemnul_altar_generic, first_ration
D:5:      kennysheep_slug_shrine, minmay_temple_entry_junction,
          ebering_ghost_gozag, serial_bayou, serial_bayou_ford_a,
          serial_bayou_lake_a, serial_bayou_pond_b, serial_bayou_lagoon_b,
          serial_bayou_crossing, makhleb_blood_cavern_becter, uniq_edmund,
          uniq_eustachio
D:6:      old_standard_altar, basic_altar, amethyst_killhole
D:7:      old_standard_altar, grunt_livestock, uniq_harold
Temple:   minmay_freezing_vapour_temple

Skill      XL: |  1  2  3  4  5  6  7  8  9 |
---------------+----------------------------+-----
Spellcasting   | 5 6 |  6.6
Invocations    | 1 2 3 4 |  4.6
Short Blades   | 1 2 3 4 |  4.2
Axes           | 1 2 3 4 |  4.2
Maces & Flails | 1 2 3 4 |  4.2
Polearms       | 1 2 3 4 |  4.2
Staves         | 1 2 3 4 |  4.2
Slings         | 1 2 3 4 |  4.2
Bows           | 1 2 3 4 |  4.2
Crossbows      | 1 2 3 4 |  4.2
Throwing       | 1 2 3 4 |  4.2
Stealth        | 1 2 3 4 |  4.2
Shields        | 1 2 3 4 |  4.2
Unarmed Combat | 1 2 3 4 |  4.2
Evocations     | 1 2 3 4 |  4.2
Conjurations   | 1 2 3 |  3.4
Hexes          | 1 2 3 |  3.4
Summonings     | 1 2 3 |  3.4
Necromancy     | 1 2 3 |  3.4
Translocations | 1 2 3 |  3.4
Transmutations | 1 2 3 |  3.4
Fire Magic     | 1 2 3 |  3.4
Ice Magic      | 1 2 3 |  3.4
Air Magic      | 1 2 3 |  3.4
Earth Magic    | 1 2 3 |  3.4
Poison Magic   | 1 2 3 |  3.4
Armour         | 3 4 5 |  5.0
Fighting       | 5 6 |  6.3
Long Blades    | 5 6 |  6.3
Dodging        | 5 6 |  6.3
Charms         | 6 |  6.5

Action                   |  1- 3 |  4- 6 |  7- 9 || total
-------------------------+-------+-------+-------++-------
Melee: Falchion          |    97 |   202 |   287 ||   586
       Bite              |    11 |    31 |    74 ||   116
       Mace              |       |       |    28 ||    28
       Punch             |       |       |     8 ||     8
       Flail             |       |       |    19 ||    19
       Long sword        |       |       |    69 ||    69
 Fire: Hunting sling     |       |       |     9 ||     9
Throw: Stone             |       |       |    13 ||    13
 Cast: Song of Slaying   |     2 |     3 |     4 ||     9
       Shroud of Golubri |     1 |     1 |     8 ||    10
       Regeneration      |       |     3 |     9 ||    12
       Infusion          |       |     1 |     1 ||     2
       Spectral Weapon   |       |     2 |    13 ||    15
  Use: Potion            |       |     3 |    10 ||    13
       Scroll            |       |       |     5 ||     5
 Stab: Sleeping          |     4 |       |       ||     4
       Distracted        |       |       |     2 ||     2
  Eat: Chunk             |       |     6 |    10 ||    16
       Ration            |       |     1 |     1 ||     2
Armor: Leather armour    |    26 |     7 |       ||    33
       Scale mail        |       |    75 |   274 ||   349
Dodge: Dodged            |    92 |   165 |   415 ||   672
       Rpst.: Falchion   |    32 |    53 |    80 ||   165
       Long sword        |       |       |    13 ||    13

Table legend:
 A = Non-vault XP
 B = Vault XP
 C = Vault XP percentage of total XP
 D = Non-vault monster count
 E = Vault monster count
 F = Vault count percentage of total count
                 A         B        C        D         E       F
            +---------+---------+-------+---------+---------+-------
      Total |    2519 |     982 |  28.0 |     151 |      21 |  12.2
            +---------+---------+-------+---------+---------+-------
        D:1 |      54 |       0 |   0.0 |      27 |       0 |   0.0
        D:2 |      48 |      37 |  43.5 |      12 |      13 |  52.0
        D:3 |     238 |       0 |   0.0 |      32 |       0 |   0.0
        D:4 |     427 |       0 |   0.0 |      29 |       0 |   0.0
        D:5 |    1169 |     545 |  31.8 |      37 |       6 |  14.0
        D:6 |     314 |       0 |   0.0 |       7 |       0 |   0.0
        D:7 |     269 |     400 |  59.8 |       7 |       2 |  22.2
            +---------+---------+-------+---------+---------+-------
